%YAML 1.1
%TAG !u! tag:unity3d.com,2011:
--- !u!114 &1464023503630255224
MonoBehaviour:
  m_ObjectHideFlags: 0
  m_CorrespondingSourceObject: {fileID: 0}
  m_PrefabInstance: {fileID: 0}
  m_PrefabAsset: {fileID: 0}
  m_GameObject: {fileID: 16740122866336034}
  m_Enabled: 1
  m_EditorHideFlags: 0
  m_Script: {fileID: 11500000, guid: 56a675e4945754c488aa42b89ea2b406, type: 3}
  m_Name: 
  m_EditorClassIdentifier: 
  MovePos: {x: -1, y: -2, z: 0}
  Speed: 1
  Move: 1
  Rotate: 0
--- !u!114 &6011778079572901251
MonoBehaviour:
  m_ObjectHideFlags: 0
  m_CorrespondingSourceObject: {fileID: 0}
  m_PrefabInstance: {fileID: 0}
  m_PrefabAsset: {fileID: 0}
  m_GameObject: {fileID: 764248238569606921}
  m_Enabled: 1
  m_EditorHideFlags: 0
  m_Script: {fileID: 11500000, guid: 56a675e4945754c488aa42b89ea2b406, type: 3}
  m_Name: 
  m_EditorClassIdentifier: 
  MovePos: {x: 4, y: -2, z: -3.967629}
  Speed: 1
  Move: 0
  Rotate: 0
--- !u!114 &35639156729457669
MonoBehaviour:
  m_ObjectHideFlags: 0
  m_CorrespondingSourceObject: {fileID: 0}
  m_PrefabInstance: {fileID: 0}
  m_PrefabAsset: {fileID: 0}
  m_GameObject: {fileID: 1429042797546755545}
  m_Enabled: 1
  m_EditorHideFlags: 0
  m_Script: {fileID: 11500000, guid: 56a675e4945754c488aa42b89ea2b406, type: 3}
  m_Name: 
  m_EditorClassIdentifier: 
  MovePos: {x: 1, y: 2, z: -3.967629}
  Speed: 1
  Move: 1
  Rotate: 0
--- !u!114 &8729192219673307129
MonoBehaviour:
  m_ObjectHideFlags: 0
  m_CorrespondingSourceObject: {fileID: 0}
  m_PrefabInstance: {fileID: 0}
  m_PrefabAsset: {fileID: 0}
  m_GameObject: {fileID: 3336093171956434833}
  m_Enabled: 1
  m_EditorHideFlags: 0
  m_Script: {fileID: 11500000, guid: 4efa13d1c5784b943806b0538c1fd14b, type: 3}
  m_Name: 
  m_EditorClassIdentifier: 
--- !u!1 &3932325826300989536
GameObject:
  m_ObjectHideFlags: 0
  m_CorrespondingSourceObject: {fileID: 0}
  m_PrefabInstance: {fileID: 0}
  m_PrefabAsset: {fileID: 0}
  serializedVersion: 6
  m_Component:
  - component: {fileID: 3124433057410941683}
  m_Layer: 0
  m_Name: Level_31
  m_TagString: Untagged
  m_Icon: {fileID: 0}
  m_NavMeshLayer: 0
  m_StaticEditorFlags: 0
  m_IsActive: 1
--- !u!4 &3124433057410941683
Transform:
  m_ObjectHideFlags: 0
  m_CorrespondingSourceObject: {fileID: 0}
  m_PrefabInstance: {fileID: 0}
  m_PrefabAsset: {fileID: 0}
  m_GameObject: {fileID: 3932325826300989536}
  m_LocalRotation: {x: 0, y: 0, z: 0, w: 1}
  m_LocalPosition: {x: 0, y: 0, z: 0}
  m_LocalScale: {x: 1, y: 1, z: 1}
  m_Children:
  - {fileID: 2157839188362702563}
  - {fileID: 33871046014749749}
  - {fileID: 3596337612329518111}
  - {fileID: 6989606757123135500}
  - {fileID: 7755283104715478567}
  - {fileID: 8281998252750245111}
  - {fileID: 9200901263222795402}
  m_Father: {fileID: 0}
  m_RootOrder: 0
  m_LocalEulerAnglesHint: {x: 0, y: 0, z: 0}
--- !u!114 &5387255588230502565
MonoBehaviour:
  m_ObjectHideFlags: 0
  m_CorrespondingSourceObject: {fileID: 0}
  m_PrefabInstance: {fileID: 0}
  m_PrefabAsset: {fileID: 0}
  m_GameObject: {fileID: 5480364718721926648}
  m_Enabled: 1
  m_EditorHideFlags: 0
  m_Script: {fileID: 11500000, guid: 4efa13d1c5784b943806b0538c1fd14b, type: 3}
  m_Name: 
  m_EditorClassIdentifier: 
--- !u!114 &1807743763001524095
MonoBehaviour:
  m_ObjectHideFlags: 0
  m_CorrespondingSourceObject: {fileID: 0}
  m_PrefabInstance: {fileID: 0}
  m_PrefabAsset: {fileID: 0}
  m_GameObject: {fileID: 5824184958444920113}
  m_Enabled: 1
  m_EditorHideFlags: 0
  m_Script: {fileID: 11500000, guid: 56a675e4945754c488aa42b89ea2b406, type: 3}
  m_Name: 
  m_EditorClassIdentifier: 
  MovePos: {x: -4, y: 2, z: -3.99}
  Speed: 1
  Move: 0
  Rotate: 0
--- !u!114 &1769035102365346453
MonoBehaviour:
  m_ObjectHideFlags: 0
  m_CorrespondingSourceObject: {fileID: 0}
  m_PrefabInstance: {fileID: 0}
  m_PrefabAsset: {fileID: 0}
  m_GameObject: {fileID: 5873908233317836590}
  m_Enabled: 1
  m_EditorHideFlags: 0
  m_Script: {fileID: 11500000, guid: 4efa13d1c5784b943806b0538c1fd14b, type: 3}
  m_Name: 
  m_EditorClassIdentifier: 
--- !u!1001 &27462583854636156
PrefabInstance:
  m_ObjectHideFlags: 0
  serializedVersion: 2
  m_Modification:
    m_TransformParent: {fileID: 3124433057410941683}
    m_Modifications:
    - target: {fileID: 5814771983812739405, guid: ecdfeafcd625af941959048c9dfd1bed,
        type: 3}
      propertyPath: m_Name
      value: BollKill (18)
      objectReference: {fileID: 0}
    - target: {fileID: 3569475516442482787, guid: ecdfeafcd625af941959048c9dfd1bed,
        type: 3}
      propertyPath: m_LocalPosition.x
      value: -4
      objectReference: {fileID: 0}
    - target: {fileID: 3569475516442482787, guid: ecdfeafcd625af941959048c9dfd1bed,
        type: 3}
      propertyPath: m_LocalPosition.y
      value: 0
      objectReference: {fileID: 0}
    - target: {fileID: 3569475516442482787, guid: ecdfeafcd625af941959048c9dfd1bed,
        type: 3}
      propertyPath: m_LocalPosition.z
      value: -3.99
      objectReference: {fileID: 0}
    - target: {fileID: 3569475516442482787, guid: ecdfeafcd625af941959048c9dfd1bed,
        type: 3}
      propertyPath: m_LocalRotation.x
      value: 0
      objectReference: {fileID: 0}
    - target: {fileID: 3569475516442482787, guid: ecdfeafcd625af941959048c9dfd1bed,
        type: 3}
      propertyPath: m_LocalRotation.y
      value: 0
      objectReference: {fileID: 0}
    - target: {fileID: 3569475516442482787, guid: ecdfeafcd625af941959048c9dfd1bed,
        type: 3}
      propertyPath: m_LocalRotation.z
      value: 0
      objectReference: {fileID: 0}
    - target: {fileID: 3569475516442482787, guid: ecdfeafcd625af941959048c9dfd1bed,
        type: 3}
      propertyPath: m_LocalRotation.w
      value: 1
      objectReference: {fileID: 0}
    - target: {fileID: 3569475516442482787, guid: ecdfeafcd625af941959048c9dfd1bed,
        type: 3}
      propertyPath: m_RootOrder
      value: 2
      objectReference: {fileID: 0}
    - target: {fileID: 3569475516442482787, guid: ecdfeafcd625af941959048c9dfd1bed,
        type: 3}
      propertyPath: m_LocalEulerAnglesHint.x
      value: 0
      objectReference: {fileID: 0}
    - target: {fileID: 3569475516442482787, guid: ecdfeafcd625af941959048c9dfd1bed,
        type: 3}
      propertyPath: m_LocalEulerAnglesHint.y
      value: 0
      objectReference: {fileID: 0}
    - target: {fileID: 3569475516442482787, guid: ecdfeafcd625af941959048c9dfd1bed,
        type: 3}
      propertyPath: m_LocalEulerAnglesHint.z
      value: 0
      objectReference: {fileID: 0}
    m_RemovedComponents: []
  m_SourcePrefab: {fileID: 100100000, guid: ecdfeafcd625af941959048c9dfd1bed, type: 3}
--- !u!1 &5824184958444920113 stripped
GameObject:
  m_CorrespondingSourceObject: {fileID: 5814771983812739405, guid: ecdfeafcd625af941959048c9dfd1bed,
    type: 3}
  m_PrefabInstance: {fileID: 27462583854636156}
  m_PrefabAsset: {fileID: 0}
--- !u!4 &3596337612329518111 stripped
Transform:
  m_CorrespondingSourceObject: {fileID: 3569475516442482787, guid: ecdfeafcd625af941959048c9dfd1bed,
    type: 3}
  m_PrefabInstance: {fileID: 27462583854636156}
  m_PrefabAsset: {fileID: 0}
--- !u!1001 &2946632103291874721
PrefabInstance:
  m_ObjectHideFlags: 0
  serializedVersion: 2
  m_Modification:
    m_TransformParent: {fileID: 3124433057410941683}
    m_Modifications:
    - target: {fileID: 8746230322399513231, guid: 6603f21ef29f91141bcacf894b5d67e9,
        type: 3}
      propertyPath: m_Name
      value: Boll (7)
      objectReference: {fileID: 0}
    - target: {fileID: 2926459874845401492, guid: 6603f21ef29f91141bcacf894b5d67e9,
        type: 3}
      propertyPath: m_LocalPosition.x
      value: 2.01
      objectReference: {fileID: 0}
    - target: {fileID: 2926459874845401492, guid: 6603f21ef29f91141bcacf894b5d67e9,
        type: 3}
      propertyPath: m_LocalPosition.y
      value: 0
      objectReference: {fileID: 0}
    - target: {fileID: 2926459874845401492, guid: 6603f21ef29f91141bcacf894b5d67e9,
        type: 3}
      propertyPath: m_LocalPosition.z
      value: -3.967629
      objectReference: {fileID: 0}
    - target: {fileID: 2926459874845401492, guid: 6603f21ef29f91141bcacf894b5d67e9,
        type: 3}
      propertyPath: m_LocalRotation.x
      value: 0
      objectReference: {fileID: 0}
    - target: {fileID: 2926459874845401492, guid: 6603f21ef29f91141bcacf894b5d67e9,
        type: 3}
      propertyPath: m_LocalRotation.y
      value: 0
      objectReference: {fileID: 0}
    - target: {fileID: 2926459874845401492, guid: 6603f21ef29f91141bcacf894b5d67e9,
        type: 3}
      propertyPath: m_LocalRotation.z
      value: 0
      objectReference: {fileID: 0}
    - target: {fileID: 2926459874845401492, guid: 6603f21ef29f91141bcacf894b5d67e9,
        type: 3}
      propertyPath: m_LocalRotation.w
      value: 1
      objectReference: {fileID: 0}
    - target: {fileID: 2926459874845401492, guid: 6603f21ef29f91141bcacf894b5d67e9,
        type: 3}
      propertyPath: m_RootOrder
      value: 1
      objectReference: {fileID: 0}
    - target: {fileID: 2926459874845401492, guid: 6603f21ef29f91141bcacf894b5d67e9,
        type: 3}
      propertyPath: m_LocalEulerAnglesHint.x
      value: 0
      objectReference: {fileID: 0}
    - target: {fileID: 2926459874845401492, guid: 6603f21ef29f91141bcacf894b5d67e9,
        type: 3}
      propertyPath: m_LocalEulerAnglesHint.y
      value: 0
      objectReference: {fileID: 0}
    - target: {fileID: 2926459874845401492, guid: 6603f21ef29f91141bcacf894b5d67e9,
        type: 3}
      propertyPath: m_LocalEulerAnglesHint.z
      value: 0
      objectReference: {fileID: 0}
    m_RemovedComponents: []
  m_SourcePrefab: {fileID: 100100000, guid: 6603f21ef29f91141bcacf894b5d67e9, type: 3}
--- !u!1 &5873908233317836590 stripped
GameObject:
  m_CorrespondingSourceObject: {fileID: 8746230322399513231, guid: 6603f21ef29f91141bcacf894b5d67e9,
    type: 3}
  m_PrefabInstance: {fileID: 2946632103291874721}
  m_PrefabAsset: {fileID: 0}
--- !u!4 &33871046014749749 stripped
Transform:
  m_CorrespondingSourceObject: {fileID: 2926459874845401492, guid: 6603f21ef29f91141bcacf894b5d67e9,
    type: 3}
  m_PrefabInstance: {fileID: 2946632103291874721}
  m_PrefabAsset: {fileID: 0}
--- !u!1001 &3850279230187147127
PrefabInstance:
  m_ObjectHideFlags: 0
  serializedVersion: 2
  m_Modification:
    m_TransformParent: {fileID: 3124433057410941683}
    m_Modifications:
    - target: {fileID: 8746230322399513231, guid: 6603f21ef29f91141bcacf894b5d67e9,
        type: 3}
      propertyPath: m_Name
      value: Boll (5)
      objectReference: {fileID: 0}
    - target: {fileID: 2926459874845401492, guid: 6603f21ef29f91141bcacf894b5d67e9,
        type: 3}
      propertyPath: m_LocalPosition.x
      value: -1.99
      objectReference: {fileID: 0}
    - target: {fileID: 2926459874845401492, guid: 6603f21ef29f91141bcacf894b5d67e9,
        type: 3}
      propertyPath: m_LocalPosition.y
      value: 0.02
      objectReference: {fileID: 0}
    - target: {fileID: 2926459874845401492, guid: 6603f21ef29f91141bcacf894b5d67e9,
        type: 3}
      propertyPath: m_LocalPosition.z
      value: -3.967629
      objectReference: {fileID: 0}
    - target: {fileID: 2926459874845401492, guid: 6603f21ef29f91141bcacf894b5d67e9,
        type: 3}
      propertyPath: m_LocalRotation.x
      value: 0
      objectReference: {fileID: 0}
    - target: {fileID: 2926459874845401492, guid: 6603f21ef29f91141bcacf894b5d67e9,
        type: 3}
      propertyPath: m_LocalRotation.y
      value: 0
      objectReference: {fileID: 0}
    - target: {fileID: 2926459874845401492, guid: 6603f21ef29f91141bcacf894b5d67e9,
        type: 3}
      propertyPath: m_LocalRotation.z
      value: 0
      objectReference: {fileID: 0}
    - target: {fileID: 2926459874845401492, guid: 6603f21ef29f91141bcacf894b5d67e9,
        type: 3}
      propertyPath: m_LocalRotation.w
      value: 1
      objectReference: {fileID: 0}
    - target: {fileID: 2926459874845401492, guid: 6603f21ef29f91141bcacf894b5d67e9,
        type: 3}
      propertyPath: m_RootOrder
      value: 0
      objectReference: {fileID: 0}
    - target: {fileID: 2926459874845401492, guid: 6603f21ef29f91141bcacf894b5d67e9,
        type: 3}
      propertyPath: m_LocalEulerAnglesHint.x
      value: 0
      objectReference: {fileID: 0}
    - target: {fileID: 2926459874845401492, guid: 6603f21ef29f91141bcacf894b5d67e9,
        type: 3}
      propertyPath: m_LocalEulerAnglesHint.y
      value: 0
      objectReference: {fileID: 0}
    - target: {fileID: 2926459874845401492, guid: 6603f21ef29f91141bcacf894b5d67e9,
        type: 3}
      propertyPath: m_LocalEulerAnglesHint.z
      value: 0
      objectReference: {fileID: 0}
    m_RemovedComponents: []
  m_SourcePrefab: {fileID: 100100000, guid: 6603f21ef29f91141bcacf894b5d67e9, type: 3}
--- !u!1 &5480364718721926648 stripped
GameObject:
  m_CorrespondingSourceObject: {fileID: 8746230322399513231, guid: 6603f21ef29f91141bcacf894b5d67e9,
    type: 3}
  m_PrefabInstance: {fileID: 3850279230187147127}
  m_PrefabAsset: {fileID: 0}
--- !u!4 &2157839188362702563 stripped
Transform:
  m_CorrespondingSourceObject: {fileID: 2926459874845401492, guid: 6603f21ef29f91141bcacf894b5d67e9,
    type: 3}
  m_PrefabInstance: {fileID: 3850279230187147127}
  m_PrefabAsset: {fileID: 0}
--- !u!1001 &4856783197357708436
PrefabInstance:
  m_ObjectHideFlags: 0
  serializedVersion: 2
  m_Modification:
    m_TransformParent: {fileID: 3124433057410941683}
    m_Modifications:
    - target: {fileID: 5814771983812739405, guid: ecdfeafcd625af941959048c9dfd1bed,
        type: 3}
      propertyPath: m_Name
      value: BollKill (35)
      objectReference: {fileID: 0}
    - target: {fileID: 3569475516442482787, guid: ecdfeafcd625af941959048c9dfd1bed,
        type: 3}
      propertyPath: m_LocalPosition.x
      value: 1
      objectReference: {fileID: 0}
    - target: {fileID: 3569475516442482787, guid: ecdfeafcd625af941959048c9dfd1bed,
        type: 3}
      propertyPath: m_LocalPosition.y
      value: -2
      objectReference: {fileID: 0}
    - target: {fileID: 3569475516442482787, guid: ecdfeafcd625af941959048c9dfd1bed,
        type: 3}
      propertyPath: m_LocalPosition.z
      value: -3.967629
      objectReference: {fileID: 0}
    - target: {fileID: 3569475516442482787, guid: ecdfeafcd625af941959048c9dfd1bed,
        type: 3}
      propertyPath: m_LocalRotation.x
      value: 0
      objectReference: {fileID: 0}
    - target: {fileID: 3569475516442482787, guid: ecdfeafcd625af941959048c9dfd1bed,
        type: 3}
      propertyPath: m_LocalRotation.y
      value: 0
      objectReference: {fileID: 0}
    - target: {fileID: 3569475516442482787, guid: ecdfeafcd625af941959048c9dfd1bed,
        type: 3}
      propertyPath: m_LocalRotation.z
      value: 0
      objectReference: {fileID: 0}
    - target: {fileID: 3569475516442482787, guid: ecdfeafcd625af941959048c9dfd1bed,
        type: 3}
      propertyPath: m_LocalRotation.w
      value: 1
      objectReference: {fileID: 0}
    - target: {fileID: 3569475516442482787, guid: ecdfeafcd625af941959048c9dfd1bed,
        type: 3}
      propertyPath: m_RootOrder
      value: 5
      objectReference: {fileID: 0}
    - target: {fileID: 3569475516442482787, guid: ecdfeafcd625af941959048c9dfd1bed,
        type: 3}
      propertyPath: m_LocalEulerAnglesHint.x
      value: 0
      objectReference: {fileID: 0}
    - target: {fileID: 3569475516442482787, guid: ecdfeafcd625af941959048c9dfd1bed,
        type: 3}
      propertyPath: m_LocalEulerAnglesHint.y
      value: 0
      objectReference: {fileID: 0}
    - target: {fileID: 3569475516442482787, guid: ecdfeafcd625af941959048c9dfd1bed,
        type: 3}
      propertyPath: m_LocalEulerAnglesHint.z
      value: 0
      objectReference: {fileID: 0}
    m_RemovedComponents: []
  m_SourcePrefab: {fileID: 100100000, guid: ecdfeafcd625af941959048c9dfd1bed, type: 3}
--- !u!1 &1429042797546755545 stripped
GameObject:
  m_CorrespondingSourceObject: {fileID: 5814771983812739405, guid: ecdfeafcd625af941959048c9dfd1bed,
    type: 3}
  m_PrefabInstance: {fileID: 4856783197357708436}
  m_PrefabAsset: {fileID: 0}
--- !u!4 &8281998252750245111 stripped
Transform:
  m_CorrespondingSourceObject: {fileID: 3569475516442482787, guid: ecdfeafcd625af941959048c9dfd1bed,
    type: 3}
  m_PrefabInstance: {fileID: 4856783197357708436}
  m_PrefabAsset: {fileID: 0}
--- !u!1001 &5803241347204546671
PrefabInstance:
  m_ObjectHideFlags: 0
  serializedVersion: 2
  m_Modification:
    m_TransformParent: {fileID: 3124433057410941683}
    m_Modifications:
    - target: {fileID: 5814771983812739405, guid: ecdfeafcd625af941959048c9dfd1bed,
        type: 3}
      propertyPath: m_Name
      value: BollKill (34)
      objectReference: {fileID: 0}
    - target: {fileID: 3569475516442482787, guid: ecdfeafcd625af941959048c9dfd1bed,
        type: 3}
      propertyPath: m_LocalPosition.x
      value: -1
      objectReference: {fileID: 0}
    - target: {fileID: 3569475516442482787, guid: ecdfeafcd625af941959048c9dfd1bed,
        type: 3}
      propertyPath: m_LocalPosition.y
      value: 2
      objectReference: {fileID: 0}
    - target: {fileID: 3569475516442482787, guid: ecdfeafcd625af941959048c9dfd1bed,
        type: 3}
      propertyPath: m_LocalPosition.z
      value: -3.967629
      objectReference: {fileID: 0}
    - target: {fileID: 3569475516442482787, guid: ecdfeafcd625af941959048c9dfd1bed,
        type: 3}
      propertyPath: m_LocalRotation.x
      value: 0
      objectReference: {fileID: 0}
    - target: {fileID: 3569475516442482787, guid: ecdfeafcd625af941959048c9dfd1bed,
        type: 3}
      propertyPath: m_LocalRotation.y
      value: 0
      objectReference: {fileID: 0}
    - target: {fileID: 3569475516442482787, guid: ecdfeafcd625af941959048c9dfd1bed,
        type: 3}
      propertyPath: m_LocalRotation.z
      value: 0
      objectReference: {fileID: 0}
    - target: {fileID: 3569475516442482787, guid: ecdfeafcd625af941959048c9dfd1bed,
        type: 3}
      propertyPath: m_LocalRotation.w
      value: 1
      objectReference: {fileID: 0}
    - target: {fileID: 3569475516442482787, guid: ecdfeafcd625af941959048c9dfd1bed,
        type: 3}
      propertyPath: m_RootOrder
      value: 3
      objectReference: {fileID: 0}
    - target: {fileID: 3569475516442482787, guid: ecdfeafcd625af941959048c9dfd1bed,
        type: 3}
      propertyPath: m_LocalEulerAnglesHint.x
      value: 0
      objectReference: {fileID: 0}
    - target: {fileID: 3569475516442482787, guid: ecdfeafcd625af941959048c9dfd1bed,
        type: 3}
      propertyPath: m_LocalEulerAnglesHint.y
      value: 0
      objectReference: {fileID: 0}
    - target: {fileID: 3569475516442482787, guid: ecdfeafcd625af941959048c9dfd1bed,
        type: 3}
      propertyPath: m_LocalEulerAnglesHint.z
      value: 0
      objectReference: {fileID: 0}
    m_RemovedComponents: []
  m_SourcePrefab: {fileID: 100100000, guid: ecdfeafcd625af941959048c9dfd1bed, type: 3}
--- !u!1 &16740122866336034 stripped
GameObject:
  m_CorrespondingSourceObject: {fileID: 5814771983812739405, guid: ecdfeafcd625af941959048c9dfd1bed,
    type: 3}
  m_PrefabInstance: {fileID: 5803241347204546671}
  m_PrefabAsset: {fileID: 0}
--- !u!4 &6989606757123135500 stripped
Transform:
  m_CorrespondingSourceObject: {fileID: 3569475516442482787, guid: ecdfeafcd625af941959048c9dfd1bed,
    type: 3}
  m_PrefabInstance: {fileID: 5803241347204546671}
  m_PrefabAsset: {fileID: 0}
--- !u!1001 &6281665179772931358
PrefabInstance:
  m_ObjectHideFlags: 0
  serializedVersion: 2
  m_Modification:
    m_TransformParent: {fileID: 3124433057410941683}
    m_Modifications:
    - target: {fileID: 8746230322399513231, guid: 6603f21ef29f91141bcacf894b5d67e9,
        type: 3}
      propertyPath: m_Name
      value: Boll (8)
      objectReference: {fileID: 0}
    - target: {fileID: 2926459874845401492, guid: 6603f21ef29f91141bcacf894b5d67e9,
        type: 3}
      propertyPath: m_LocalPosition.x
      value: 0.01
      objectReference: {fileID: 0}
    - target: {fileID: 2926459874845401492, guid: 6603f21ef29f91141bcacf894b5d67e9,
        type: 3}
      propertyPath: m_LocalPosition.y
      value: 0
      objectReference: {fileID: 0}
    - target: {fileID: 2926459874845401492, guid: 6603f21ef29f91141bcacf894b5d67e9,
        type: 3}
      propertyPath: m_LocalPosition.z
      value: -3.967629
      objectReference: {fileID: 0}
    - target: {fileID: 2926459874845401492, guid: 6603f21ef29f91141bcacf894b5d67e9,
        type: 3}
      propertyPath: m_LocalRotation.x
      value: 0
      objectReference: {fileID: 0}
    - target: {fileID: 2926459874845401492, guid: 6603f21ef29f91141bcacf894b5d67e9,
        type: 3}
      propertyPath: m_LocalRotation.y
      value: 0
      objectReference: {fileID: 0}
    - target: {fileID: 2926459874845401492, guid: 6603f21ef29f91141bcacf894b5d67e9,
        type: 3}
      propertyPath: m_LocalRotation.z
      value: 0
      objectReference: {fileID: 0}
    - target: {fileID: 2926459874845401492, guid: 6603f21ef29f91141bcacf894b5d67e9,
        type: 3}
      propertyPath: m_LocalRotation.w
      value: 1
      objectReference: {fileID: 0}
    - target: {fileID: 2926459874845401492, guid: 6603f21ef29f91141bcacf894b5d67e9,
        type: 3}
      propertyPath: m_RootOrder
      value: 6
      objectReference: {fileID: 0}
    - target: {fileID: 2926459874845401492, guid: 6603f21ef29f91141bcacf894b5d67e9,
        type: 3}
      propertyPath: m_LocalEulerAnglesHint.x
      value: 0
      objectReference: {fileID: 0}
    - target: {fileID: 2926459874845401492, guid: 6603f21ef29f91141bcacf894b5d67e9,
        type: 3}
      propertyPath: m_LocalEulerAnglesHint.y
      value: 0
      objectReference: {fileID: 0}
    - target: {fileID: 2926459874845401492, guid: 6603f21ef29f91141bcacf894b5d67e9,
        type: 3}
      propertyPath: m_LocalEulerAnglesHint.z
      value: 0
      objectReference: {fileID: 0}
    m_RemovedComponents: []
  m_SourcePrefab: {fileID: 100100000, guid: 6603f21ef29f91141bcacf894b5d67e9, type: 3}
--- !u!1 &3336093171956434833 stripped
GameObject:
  m_CorrespondingSourceObject: {fileID: 8746230322399513231, guid: 6603f21ef29f91141bcacf894b5d67e9,
    type: 3}
  m_PrefabInstance: {fileID: 6281665179772931358}
  m_PrefabAsset: {fileID: 0}
--- !u!4 &9200901263222795402 stripped
Transform:
  m_CorrespondingSourceObject: {fileID: 2926459874845401492, guid: 6603f21ef29f91141bcacf894b5d67e9,
    type: 3}
  m_PrefabInstance: {fileID: 6281665179772931358}
  m_PrefabAsset: {fileID: 0}
--- !u!1001 &6496759083128163908
PrefabInstance:
  m_ObjectHideFlags: 0
  serializedVersion: 2
  m_Modification:
    m_TransformParent: {fileID: 3124433057410941683}
    m_Modifications:
    - target: {fileID: 5814771983812739405, guid: ecdfeafcd625af941959048c9dfd1bed,
        type: 3}
      propertyPath: m_Name
      value: BollKill (36)
      objectReference: {fileID: 0}
    - target: {fileID: 3569475516442482787, guid: ecdfeafcd625af941959048c9dfd1bed,
        type: 3}
      propertyPath: m_LocalPosition.x
      value: 4
      objectReference: {fileID: 0}
    - target: {fileID: 3569475516442482787, guid: ecdfeafcd625af941959048c9dfd1bed,
        type: 3}
      propertyPath: m_LocalPosition.y
      value: 0
      objectReference: {fileID: 0}
    - target: {fileID: 3569475516442482787, guid: ecdfeafcd625af941959048c9dfd1bed,
        type: 3}
      propertyPath: m_LocalPosition.z
      value: -3.967629
      objectReference: {fileID: 0}
    - target: {fileID: 3569475516442482787, guid: ecdfeafcd625af941959048c9dfd1bed,
        type: 3}
      propertyPath: m_LocalRotation.x
      value: 0
      objectReference: {fileID: 0}
    - target: {fileID: 3569475516442482787, guid: ecdfeafcd625af941959048c9dfd1bed,
        type: 3}
      propertyPath: m_LocalRotation.y
      value: 0
      objectReference: {fileID: 0}
    - target: {fileID: 3569475516442482787, guid: ecdfeafcd625af941959048c9dfd1bed,
        type: 3}
      propertyPath: m_LocalRotation.z
      value: 0
      objectReference: {fileID: 0}
    - target: {fileID: 3569475516442482787, guid: ecdfeafcd625af941959048c9dfd1bed,
        type: 3}
      propertyPath: m_LocalRotation.w
      value: 1
      objectReference: {fileID: 0}
    - target: {fileID: 3569475516442482787, guid: ecdfeafcd625af941959048c9dfd1bed,
        type: 3}
      propertyPath: m_RootOrder
      value: 4
      objectReference: {fileID: 0}
    - target: {fileID: 3569475516442482787, guid: ecdfeafcd625af941959048c9dfd1bed,
        type: 3}
      propertyPath: m_LocalEulerAnglesHint.x
      value: 0
      objectReference: {fileID: 0}
    - target: {fileID: 3569475516442482787, guid: ecdfeafcd625af941959048c9dfd1bed,
        type: 3}
      propertyPath: m_LocalEulerAnglesHint.y
      value: 0
      objectReference: {fileID: 0}
    - target: {fileID: 3569475516442482787, guid: ecdfeafcd625af941959048c9dfd1bed,
        type: 3}
      propertyPath: m_LocalEulerAnglesHint.z
      value: 0
      objectReference: {fileID: 0}
    m_RemovedComponents: []
  m_SourcePrefab: {fileID: 100100000, guid: ecdfeafcd625af941959048c9dfd1bed, type: 3}
--- !u!1 &764248238569606921 stripped
GameObject:
  m_CorrespondingSourceObject: {fileID: 5814771983812739405, guid: ecdfeafcd625af941959048c9dfd1bed,
    type: 3}
  m_PrefabInstance: {fileID: 6496759083128163908}
  m_PrefabAsset: {fileID: 0}
--- !u!4 &7755283104715478567 stripped
Transform:
  m_CorrespondingSourceObject: {fileID: 3569475516442482787, guid: ecdfeafcd625af941959048c9dfd1bed,
    type: 3}
  m_PrefabInstance: {fileID: 6496759083128163908}
  m_PrefabAsset: {fileID: 0}
